 Dungeon Crawl Stone Soup version 0.21-a0-442-g848f44b (webtiles) character file.

11 slep the Ruffian (level 2, -4/22 HPs)
             Began as a Demonspawn Wanderer on Nov 16, 2017.
             Killed from afar by a dart slug (5 damage)
             ... with a slug dart
             ... on level 1 of the Dungeon.
             The game lasted 00:01:44 (278 turns).

slep the Ruffian (Demonspawn Wanderer)               Turns: 278, Time: 00:01:44

Health: -4/22      AC:  2    Str: 14    XL:     2   Next: 13%
Magic:  3/3        EV: 11    Int: 11    God:
Gold:   21         SH:  0    Dex: 12    Spells: 3/3 levels left

rFire    . . .     SeeInvis .   e - +0 club
rCold    . . .     Gourm    .   (no shield)
rNeg     . . .     Faith    .   d - +0 robe
rPois    .         Spirit   .   (helmet restricted)
rElec    .         Reflect  .   (no cloak)
rCorr    .         Harm     .   (no gloves)
MR       .....                  (no boots)
Stlth    ++........             (no amulet)
HPRegen  0.07/turn              j - ring of wizardry
MPRegen  0.08/turn              (no ring)

@: no status effects
A: antennae 1
a: no special abilities


You were on level 1 of the Dungeon.
You were not hungry.

You visited 1 branch of the dungeon, and saw 1 of its levels.

You collected 21 gold pieces.

Inventory:

Hand Weapons
 e - a +0 club (weapon)
Missiles
 h - 2 stones (quivered)
Armour
 d - a +0 robe (worn)
Jewellery
 j - a ring of wizardry (left hand)
Scrolls
 a - 2 scrolls of fear
 g - 2 scrolls of identify {unknown}
Potions
 b - a potion of lignification
 c - 2 potions of curing
Comestibles
 f - a bread ration
 i - a royal jelly


   Skills:
 + Level 2.2 Fighting
 + Level 0.1 Maces & Flails
 + Level 1.0 Dodging
 + Level 1.0 Stealth
   Level 1.0 Shields
 + Level 2.3 Unarmed Combat
 + Level 1.0 Spellcasting
   Level 1.0 Hexes
   Level 1.0 Charms


You had 3 spell levels left.
You didn't know any spells.

Dungeon Overview and Level Annotations

Branches:
Dungeon (1/15)

Altars:


Innate Abilities, Weirdness & Mutations

You have a pair of small antennae on your head.


Message History

You see here a whip.
You closely miss the leopard gecko. The leopard gecko bites you.
The dart slug launches a dart at you. The slug dart hits you!
* * * LOW HITPOINT WARNING * * *
You hit the leopard gecko.
The leopard gecko is moderately wounded.
The leopard gecko completely misses you.
The leopard gecko bites you.
* * * LOW HITPOINT WARNING * * *
A bat and a kobold come into view.
The kobold shouts!
You hit the leopard gecko but do no damage.
The leopard gecko is moderately wounded.
You hear a shout!
The leopard gecko bites you.
* * * LOW HITPOINT WARNING * * *
The dart slug launches a dart at you. The slug dart hits you!
You die...

+........# #
#........# #
#........# #
#.......>#
########.......##
#...........####
#.....#######
#.....# #...@.#
#...l.# +.w.g...
#b..r.##.#
#.#.#.#. #
..........
#.#.#K#.#.#
.........r.


You could see a dart slug, a leopard gecko, a hobgoblin, a bat, a kobold and 2
rats.

Vanquished Creatures
  A dart slug (D:1)
  A goblin (D:1)
  A bat (D:1)
  A frilled lizard (D:1)
  5 kobolds (D:1)
9 creatures vanquished.

Notes
Turn   | Place    | Note
-------+----------+-------------------------------------------
     0 | D:1      | slep the Demonspawn Wanderer began the quest for the Orb.
     0 | D:1      | slep set off with: 2 scrolls of fear, a potion of lignification, a potion of curing, a +0 robe, a +0 club, a bread ration
     0 | D:1      | Reached XP level 1. HP: 16/16 MP: 2/2
   243 | D:1      | Gained mutation: You have a pair of small antennae on your head. [demonic ancestry]
   243 | D:1      | Reached XP level 2. HP: 15/22 MP: 3/3
   278 | D:1      | HP: 1/22 [leopard gecko (2)]
   278 | D:1      | Killed from afar by a dart slug

Vault maps used:
D:1:      minmay_arrival_four_loops, st_stairs_11

Skill      XL: |  1 |
---------------+----+-----
Unarmed Combat | 2 |  2.3
Fighting       | |  2.2
Maces & Flails | |  0.1
Dodging        | |  1.0
Stealth        | |  1.0
Shields        | |  1.0
Spellcasting   | |  1.0
Hexes          | |  1.0
Charms         | |  1.0

Action                   || total
-------------------------++-------
Melee: Club              ||    37
Throw: Stone             ||     2
Armor: Robe              ||     4
Dodge: Dodged            ||    29

Table legend:
 A = Spawn XP
 B = Non-spawn XP
 C = Spawn XP percentage of total XP
 D = Spawn monster count
 E = Non-spawn monster count
 F = Spawn count percentage of total count
 G = Total turns spent on level
                    A         B        C        D         E        F      G
               +---------+---------+-------+---------+---------+-------+---------
         Total |       0 |      16 |   0.0 |       0 |       9 |   0.0 |   278
               +---------+---------+-------+---------+---------+-------+---------
           D:1 |       0 |      16 |   0.0 |       0 |       9 |   0.0 |   278
               +---------+---------+-------+---------+---------+-------+---------
